 Dungeon Crawl Stone Soup version 0.30.1 (webtiles) character file.

Game seed: 10809980113323505639

18 Heoruswealwe the Digger (level 2, -2/15 HPs)
             Began as a Deep Elf Earth Elementalist on July 1, 2023.
             Succumbed to a scorpion's poison
             ... on level 2 of the Dungeon.
             The game lasted 00:06:03 (593 turns).

Heoruswealwe the Digger (DEEE)                       Turns: 593, Time: 00:06:03

Health: -2/15      AC:  3    Str:  5    XL:     2   Next: 48%
Magic:  4/8        EV: 12    Int: 19    God:
Gold:   38         SH:  0    Dex: 15    Spells: 5/8 levels left

rFire   + . .        (no weapon)
rCold   . . .        (no shield)
rNeg    . . .        c - +0 robe
rPois   .            g - +0 helmet
rElec   .            (no cloak)
rCorr   .            (no gloves)
SInv    .            (no boots)
Will    .....        (no amulet)
Stlth   ++           k - ring of protection from fire
HPRegen 0.22/turn    (no ring)
MPRegen 0.11/turn

%: no passive effects
@: lethally poisoned (-2 -> -24)
A: no striking features
a: no special abilities


You were on level 2 of the Dungeon.
You visited 1 branch of the dungeon, and saw 2 of its levels.

You collected 38 gold pieces.

Inventory:

Armour
 c - a +0 robe (worn)
 g - a +0 helmet (worn)
Jewellery
 k - a ring of protection from fire (left hand)
Scrolls
 d - a scroll of fog {unknown}
 e - 2 scrolls of identify {unknown}
 h - a scroll of magic mapping {unknown}
Potions
 a - a potion of brilliance {unknown}
 b - a potion of magic
 f - a potion of degeneration {unknown}
 i - a potion of mutation {unknown}


   Skills:
 - Level 2.4 Dodging
 - Level 2.4 Stealth
 + Level 3.7 Spellcasting
 - Level 1.1 Transmutations
 + Level 3.8 Earth Magic


You had 5 spell levels left.
You knew the following spells:

 Your Spells              Type           Power      Damage    Failure   Level
a - Sandblast             Erth           36%        2d10      3%          1
z - Passwall              Tmut/Erth      10%        N/A       8%          2

Your spell library contained the following spells:

 Spells                   Type           Power      Damage    Failure   Level
 Stone Arrow              Conj/Erth      20%        3d8       19%         3
 Petrify                  Tmut/Erth      13%        N/A       45%         4


Dungeon Overview and Level Annotations

Branches:
Dungeon (2/15)

Altars:


Message History

The hobgoblin shouts!
The blast of sand hits the hobgoblin.
You kill the hobgoblin!
The endoplasm quivers.
The blast of sand hits the endoplasm!
You kill the endoplasm!
Done exploring.
Done exploring.
Done exploring.
Done exploring.
Done exploring.
Done exploring.
Search for what [? for help]? .
There is an escape hatch in the floor here.
You slide downwards.
The hatch slams shut behind you.
Found a stone staircase leading down.
A scorpion comes into view.
The blast of sand hits the scorpion.
The scorpion is moderately wounded.
The blast of sand hits the scorpion.
The scorpion is heavily wounded.
The scorpion stings you.
You are lethally poisoned!
The scorpion poisons you!
The blast of sand hits the scorpion.
The scorpion is severely wounded.
You feel very sick. The scorpion closely misses you. The scorpion stings you.
* * * LOW HITPOINT WARNING * * *
You are more poisoned.
The scorpion poisons you!
You are too injured to fight recklessly!
Casting: Sandblast (safe; 3% risk of failure)
Confirm with . or Enter, or press ? or * to list all spells.
Aiming: Sandblast (safe; 3% risk of failure)
Press: ? - help, Shift-Dir - straight line, f/p - scorpion
Aim: a scorpion (severely wounded, 82% to hit)
The blast of sand hits the scorpion!
You kill the scorpion!
You die...

#..........
#..........
#..........
###..........
#............
#............
#........#...
##.........##
#...@.....#
##..†.....>#
#.........#
#.........#
....#......
.....#......
......#......
#.............


There were no monsters in sight!

Vanquished Creatures
  A scorpion (D:2)
  2 bats (D:1)
  4 endoplasms (D:1)
  2 goblins (D:1)
  2 hobgoblins (D:1)
  2 kobolds (D:1)
  2 frilled lizards (D:1)
15 creatures vanquished.

Notes
Turn   | Place    | Note
-------+----------+-------------------------------------------
     0 | D:1      | Heoruswealwe the Deep Elf Earth Elementalist began the
                  | quest for the Orb.
     0 | D:1      | Reached XP level 1. HP: 10/10 MP: 6/6
   298 | D:1      | Reached XP level 2. HP: 15/15 MP: 5/8
   301 | D:1      | Learned a level 2 spell: Passwall
   588 | D:2      | Noticed a scorpion
   593 | D:2      | Killed a scorpion
   593 | D:2      | Succumbed to a scorpion's poison

Illustrated notes

Levels and vault maps discovered:
D:1:      heliophobic_arrival_henge, layout_loops_ring
D:2:      layout_basic

Action                     || total
---------------------------++-------
   Cast: Sandblast         ||    22
 Armour: Robe              ||     1
  Dodge: Dodged            ||     1
